[Event "TUR-ch U13-18 Open 2023"]
[Site "Antalya"]
[Date "2023.01.22"]
[Round "1"]
[White "Tarhan, Adar"]
[Black "Altin, Emre"]
[Result "1-0"]
[ECO "C54"]
[WhiteElo "2321"]
[BlackElo "1325"]
[Annotator "TA"]
[PlyCount "55"]
[EventDate "2023.01.17"]
[EventType "swiss"]
[EventCountry "TUR"]
[SourceTitle "playchess.com"]
[Source "ChessBase"]
[SourceQuality "1"]
[TimeControl "5400+30"]

1. e4 e5 2. Nf3 Nc6 3. Bc4 Bc5 4. c3 Nf6 5. d3 a6 6. O-O Ba7 7. Be3 Bxe3 {C54: Giuoco Piano: 4 c3 Nf6, main lines with 5 d4 and 5 d3.} 8. fxe3 {[#]} d5 $146 {[#]} (8... d6 $11) ({Predecessor:} 8... O-O 9. Nbd2 d6 10. a4 Ne7 11. Qe1 Be6 12. Bxe6 fxe6 13. d4 Ng6 14. Qg3 exd4 15. exd4 {½-½ Herpai,J (1890)-Csontos,A (1962) HUN-chT U18 Budapest 2022 (6.2)}) 9. exd5 $1 $16 Nxd5 {White is better.} 10. Qb3 Na5 11. Qa4+ c6 (11... Nc6 $142) 12. Bxd5 $18 (12. Nxe5 Nxc4 13. Nxf7 (13. dxc4 Nxe3 14. Rf2 Qc7 $17) (13. Nxc4 b5 $17) (13. Qxc4 Qg5 $11) 13... b5 14. Nxd8 bxa4 15. dxc4 Nxe3 $14) 12... Qxd5 13. b4 {Dodges b6} Qxd3 14. Qxa5 Qxe3+ 15. Kh1 f6 16. Re1 Qf2 17. Nbd2 $2 (17. Rxe5+ fxe5 18. Qxe5+ Kd8 19. Nbd2 (19. Qxg7 Qf1+ 20. Ng1 Re8 $17) (19. Na3 Bh3 $16)) 17... O-O 18. Ne4 Qa7 19. Qc5 Qb8 (19... Be6 $142 20. Nfd2 Bf7) 20. Rad1 Be6 21. a4 Bd5 22. a5 f5 $2 (22... Bxe4 23. Rxe4 Qc7) 23. Nd6 {Threatens to win with Rxd5.} Bxf3 24. gxf3 Qc7 25. Qxe5 Rad8 26. Qe6+ {White mates.} (26. Nxf5 $2 {perishes.} Qxe5 27. Rxe5 Rxd1+ 28. Kg2 Rd3 $19) 26... Kh8 {[#]} 27. Nf7+ $1 {[%mdl 576] Discovered Attack, Double Attack} Kg8 (27... Rxf7 28. Rxd8+) 28. Rxd8 {[%mdl 64] Back Rank. Black got outplayed after the opening.   Weighted Error Value: White=0.26 (precise) /Black=0.80} 1-0

[Event "TUR-ch U13-18 Open 2023"]
[Site "Antalya"]
[Date "2023.01.22"]
[Round "1"]
[White "Ince, Taylan Ruzgar"]
[Black "Oztuksavul, Ida"]
[Result "1-0"]
[ECO "D27"]
[WhiteElo "2267"]
[BlackElo "1368"]
[Annotator "TA"]
[PlyCount "53"]
[EventDate "2023.01.17"]
[EventType "swiss"]
[EventCountry "TUR"]
[SourceTitle "playchess.com"]
[Source "ChessBase"]
[SourceQuality "1"]
[TimeControl "5400+30"]

1. d4 d5 2. c4 dxc4 3. Nf3 Nf6 4. e3 e6 5. Bxc4 c5 6. O-O a6 7. Bd3 {7.b3 is becoming the main line.} Nc6 8. Nc3 Be7 ({Better is} 8... cxd4 $11 9. exd4 Be7) 9. a3 {D27: Queen's Gambit Accepted: Classical main line: 7 e4!? and 7 a4.} (9. dxc5 $1 $14 Bxc5 10. a3) 9... b5 (9... cxd4 $11 10. exd4 b6) 10. dxc5 $1 $16 Bxc5 11. b4 {White is better.} Be7 12. Bb2 O-O 13. Qc2 Bb7 14. Ne4 (14. Rfd1 $14) 14... h6 {[#]} (14... Rc8 $11 15. Nc5 (15. Nxf6+ Bxf6 16. Bxf6 Qxf6 $11) 15... Bxc5 16. bxc5 Na5) 15. Rad1 $146 {Black must now prevent Nxf6+.} ({Predecessor:} 15. Rfd1 Qb6 16. Nfd2 Nd5 17. Nb3 Rfd8 18. Qe2 Rab8 19. Rac1 Ba8 20. Qf3 Rbc8 21. Bb1 {1-0 Johansen,T (2278)-Kyrkjebo,E (2085) NOR-ch Mester 2017 (8)}) 15... Nd5 {[#]} (15... Nxe4 $14 16. Bxe4 {[%mdl 64] Discovered Attack} Qe8) 16. Nc3 $1 {White is more active.} Qb6 17. Nxd5 exd5 18. Qb1 Rfd8 19. Bh7+ Kh8 20. Qf5 $40 {[%mdl 128] White attacks.} (20. Bf5 $16) 20... Bf6 $2 {[%mdl 8192] This costs Black the game.} 21. Bxf6 $18 {[%cal Of3g5] Intending Ng5! and mate.} gxf6 22. Qxf6+ ({Worse is} 22. Rxd5 Rxd5 23. Qxf6+ (23. Qxd5 $2 {is the wrong capture.} Ne5 $19) 23... Kxh7 $11) 22... Kxh7 {[#]} 23. Rd4 Rg8 $2 (23... Nxd4 $18 24. Qxb6 Nxf3+ 25. gxf3 Rd7) 24. Rh4 {[%csl Gf6][%cal Rh4h6] White mates.} ({Inferior is} 24. Qxf7+ Rg7 25. Qf5+ Kh8 $11) 24... Rg6 25. Qxf7+ Kh8 26. Qxg6 Rg8 27. Qxh6# {Weighted Error Value: White=0.52/Black=0.78} 1-0

[Event "TUR-ch U13-18 Open 2023"]
[Site "Antalya"]
[Date "2023.01.22"]
[Round "1"]
[White "Dogan, Ali Ekber"]
[Black "Dirikolu, Deniz"]
[Result "0-1"]
[ECO "C84"]
[WhiteElo "2182"]
[BlackElo "1868"]
[Annotator "TA"]
[PlyCount "84"]
[EventDate "2023.01.17"]
[EventType "swiss"]
[EventCountry "TUR"]
[SourceTitle "playchess.com"]
[Source "ChessBase"]
[SourceQuality "1"]
[TimeControl "5400+30"]

1. e4 e5 2. Nf3 Nc6 3. Bb5 a6 4. Ba4 Nf6 5. O-O Be7 6. Nc3 b5 7. Bb3 d6 8. d3 {[%emt 0:01:30] 8.a4 is a critical line.} Bg4 {[%emt 0:00:30] C84: Closed Ruy Lopez: Unusual White 6th moves.} 9. Be3 {[%emt 0:08:30] Dodges Nd4} (9. h3 $5 Bd7 10. Be3 $11) 9... Na5 {[%emt 0:02:30] [#]} 10. d4 $146 ({Predecessor:} 10. h3 Bh5 11. Nd5 Nxb3 12. Nxf6+ Bxf6 13. axb3 O-O 14. g4 Bg6 15. Nh2 d5 16. f3 {1-0 Murzin,V (2465)-Barp,A (2375) RUS-ITA U-16 Online Battle blitz 2020}) 10... exd4 {[%emt 0:00:30] The position is equal.} 11. Bxd4 (11. Qxd4 $2 {too greedy.} c5 12. Qd1 c4 $19) 11... Nxb3 12. axb3 O-O 13. Qd3 Nd7 14. h3 Be6 15. Nd5 f6 16. c4 bxc4 (16... c6 $5 ) 17. Qxc4 c5 18. Bc3 Nb6 19. Qd3 Bxd5 (19... Nxd5 $11 20. exd5 Bf7) 20. exd5 $16 Qc8 21. Rfe1 Qb7 22. Qe4 Rae8 (22... Nxd5 $2 23. Red1 $18) 23. Qd3 Ra8 24. Qe4 (24. Rad1 $14) 24... Rf7 (24... Nxd5 $2 25. Red1 $18) 25. Rad1 $36 {[%emt 0:02:38][%mdl 2048] Black is under pressure.} f5 (25... Bf8 $11 {remains equal.}) 26. Qd3 (26. Qe6 {looks sharper.} a5 27. Rd3 Qd7 28. Ra1) 26... Raf8 (26... Rb8 $14) 27. Ra1 ({Better is} 27. Re6 $16) 27... Nxd5 $11 28. Qxa6 Qxb3 29. Qd3 Qb7 (29... Nc7 $5) 30. Qc4 {[%emt 0:01:28] [#]} Nc7 $2 31. Re6 $4 (31. Rxe7 $18 {Strongly threatening Ng5.} h6 32. Nh4) 31... Nxe6 32. Qxe6 Qe4 33. Qd7 (33. Qb3 {is a better defense.}) 33... Rd8 34. Qc7 Bf6 35. Qb6 {[%emt 0:00:18] [#] Threatens to win with Bxf6.} Rb7 36. Qa5 Rdb8 {[%emt 0:00:30] ...Bxc3 is the strong threat.} 37. Re1 Qd5 {[%emt 0:00:30] Inhibits Qa2. ...Bxc3 would be deadly.} 38. Qa4 $2 (38. Bxf6 gxf6 39. Qc3) 38... Qf7 39. Nd2 Bxc3 40. bxc3 Re7 41. Rd1 h6 42. Nc4 $2 (42. Qa6) 42... Re4 {[%emt 0:00:30] Weighted Error Value: White=0.59/Black=0.36} 0-1

[Event "TUR-ch U13-18 Open 2023"]
[Site "Antalya"]
[Date "2023.01.22"]
[Round "1"]
[White "Gokcek, Kursat Bugra"]
[Black "Uyumaz, Feyzullah"]
[Result "1-0"]
[ECO "C54"]
[WhiteElo "2116"]
[BlackElo "1283"]
[Annotator "TA"]
[PlyCount "91"]
[EventDate "2023.01.17"]
[EventType "swiss"]
[EventCountry "TUR"]
[SourceTitle "playchess.com"]
[Source "ChessBase"]
[SourceQuality "1"]
[TimeControl "5400+30"]

1. e4 e5 2. Nf3 Nc6 3. Bc4 Bc5 4. d3 h6 5. c3 d6 6. a4 a6 7. O-O Nf6 8. Na3 {C54: Giuoco Piano: 4 c3 Nf6, main lines with 5 d4 and 5 d3.} O-O 9. h3 Be6 10. Re1 {White is slightly better.} Re8 {[#]} 11. Bxe6 $146 ({Predecessor:} 11. b4 Ba7 12. Bxe6 Rxe6 13. b5 Ne7 14. Be3 Bxe3 15. Rxe3 Ng6 16. Nc4 d5 17. Ncd2 {0-1 Bachmann,A (2645)-Swiercz,D (2636) Titled Tuesday intern op 4th Oct blitz 2016 (3)}) 11... fxe6 12. d4 (12. b4 $14 Ba7 13. Nc4) 12... exd4 $11 13. cxd4 Ba7 (13... Bb4 $5 ) 14. Nc2 d5 15. e5 Ne4 16. b4 b5 (16... Qe7 $11) 17. axb5 axb5 18. Re3 Bb6 19. Rxa8 Qxa8 20. Ra3 Qd8 21. Qd3 Na7 (21... Qd7 $11) 22. Be3 Rf8 23. Rb3 Qe8 24. Nce1 (24. Nfe1 $14 {was preferrable.}) 24... Qh5 25. Nh2 Qf7 26. Rb2 Qe8 27. g4 Nc6 {[#]} 28. h4 (28. f3 $1 $16 ) 28... Qe7 (28... Qa8 $15 29. Nhf3 Qa4) 29. Ng2 {Threatens to win with f3.} Nxb4 $2 {White leaves nothing to chance now.} (29... h5 $11 {and Black is okay.}) 30. Qxb5 $18 Ra8 31. Qxb4 ({Stronger than} 31. Rxb4 Nc3 32. Qc6 Ra1+ 33. Nf1 Qxb4 34. Qxe6+ Kh8 $11) 31... Ra1+ 32. Nf1 Qf7 (32... Qxb4 {is tougher.} 33. Rxb4 g5) 33. Qb5 Qf3 34. Qe2 Qh3 35. g5 ({Weaker is} 35. Nf4 Qxh4 36. Qf3 Ng5 $18) 35... hxg5 36. hxg5 Nc3 37. Qd3 Ne4 {aiming for ...Nxg5.} 38. Rb1 Nxg5 39. Nd2 (39. Rxa1 $2 Nf3#) 39... Rxb1+ 40. Qxb1 Nf7 41. Qg6 {White is clearly winning.} Ba5 42. Nf4 {[%mdl 64] [#] Deflection} Qh7 43. Qxh7+ (43. Qxe6 $142 Qh6 44. Qe8+ {[%mdl 64] Deflection} Kh7 45. Qxf7 Bxd2 46. Bxd2 Qg5+ 47. Kf1) 43... Kxh7 44. Nxe6 c6 45. Nb3 Kg6 46. Nxa5 {Weighted Error Value: White=0.40/Black=0.42} 1-0

[Event "TUR-ch U13-18 Open 2023"]
[Site "Antalya"]
[Date "2023.01.22"]
[Round "1"]
[White "Danaci, Ege"]
[Black "Coban, Azad"]
[Result "1-0"]
[ECO "C42"]
[WhiteElo "2088"]
[BlackElo "1417"]
[Annotator "TA"]
[PlyCount "51"]
[EventDate "2023.01.17"]
[EventType "swiss"]
[EventCountry "TUR"]
[SourceTitle "playchess.com"]
[Source "ChessBase"]
[SourceQuality "1"]
[TimeControl "5400+30"]

1. e4 e5 2. Nf3 Nf6 3. Nxe5 d6 4. Nc4 Nxe4 5. Qe2 Qe7 6. Ne3 Nf6 7. b3 {C42: Petroff Defence: 3 Nxe5 and unusual White 3rd moves.} d5 8. Bb2 {Black should prevent Bxf6.} c6 9. g3 {[#] The position is equal.} Be6 $146 ({Predecessor:} 9... Ng4 10. Ba3 c5 11. Nxd5 Qxe2+ 12. Bxe2 Kd8 13. Ne3 Nf6 14. Nc3 Nc6 15. Na4 b6 {1-0 Vykouk,J (2424)-Liska,J (2223) CZE-ch U20 Kouty nad Desnou 2017 (2)}) 10. Bg2 g6 (10... Na6 $11) 11. c4 $14 {White is more active.} dxc4 12. bxc4 {Strongly threatening d4.} ({Don't play} 12. Nxc4 Bxc4 13. bxc4 Qxe2+ 14. Kxe2 Nbd7 $11) 12... Bg7 13. O-O O-O 14. Ba3 c5 15. d4 Na6 (15... Nfd7 $1 $14) 16. Nc3 $36 {[%mdl 2048] White is in control.} Nh5 (16... Rfe8 $16) 17. Ned5 (17. Rab1 $18) 17... Qd7 (17... Qd8 $16) 18. dxc5 $18 {Threatens to win with Rad1.} Rfe8 {White must now prevent ...Bxd5.} 19. Qc2 Bf5 {[#]} 20. Qb3 ({White should try} 20. Qd2 $1 $18) 20... Qe6 $2 {This move loses the game for Black.} (20... Rac8 $16 {was worth a try.} 21. Rad1 Nxc5 22. Bxc5 Rxc5) 21. Rad1 ({Stronger than} 21. Qxb7 Rab8 22. Qxa7 Bxc3 $14) 21... Rab8 22. Nb5 Qe2 23. Ne3 {Prevents Bc2.} (23. Nxa7 Bc2 24. Qf3 Bxd1 25. Rxd1 Qxa2 $16) 23... Bg4 (23... Rxe3 $142 24. Qxe3 (24. fxe3 Bc2 $16) 24... Qxe3 25. fxe3 Bh6) 24. Rfe1 {White is clearly winning.} Qxd1 25. Rxd1 Rxe3 26. fxe3 {Weighted Error Value: White=0.16 (very precise) /Black=0.47} 1-0

[Event "TUR-ch U13-18 Open 2023"]
[Site "Antalya"]
[Date "2023.01.22"]
[Round "1"]
[White "Topuz, Mirac Melih"]
[Black "Yontar, Erdem"]
[Result "1-0"]
[ECO "B01"]
[WhiteElo "2071"]
[BlackElo "1058"]
[Annotator "TA"]
[PlyCount "85"]
[EventDate "2023.01.17"]
[EventType "swiss"]
[EventCountry "TUR"]
[SourceTitle "playchess.com"]
[Source "ChessBase"]
[SourceQuality "1"]
[TimeControl "5400+30"]

1. e4 d5 2. exd5 Qxd5 3. Nc3 Qa5 4. Nf3 Nf6 5. Be2 Bf5 6. O-O e6 7. d4 c6 8. Bf4 Nbd7 {B01: Scandinavian Defence.} 9. Nd2 Bg6 {[#]} 10. Bg3 $146 ({Predecessor:} 10. Nc4 Qf5 11. Bd6 Qxc2 12. Qe1 b5 13. Rc1 Qf5 14. Bxf8 Kxf8 15. Ne3 Qf4 16. Bf3 {½-½ Schiappacasse,M (2095)-Kloster,J (2165) Arco op 20th 1998 (2)}) 10... Qd8 {The position is equal.} 11. Nc4 Nb6 12. Ne5 Bd6 13. Re1 Qc7 14. Bf3 O-O-O (14... Rd8 $11) 15. a4 $16 {[%cal Ba2a4,Ba4a5][%mdl 32] White now steadily converts the win.} Nbd7 {[#]} 16. Qe2 {[%cal Oe5c6] Black must now prevent Nxc6! White is more active.} Bxe5 (16... Kb8 $16 {was worth a try.}) 17. dxe5 $18 ({Weaker is} 17. Bxe5 Nxe5 18. dxe5 Nd5 $11) 17... Ng8 18. a5 {a6 is the strong threat.} Nc5 (18... Ne7 19. Bh4 Rde8) 19. b4 Na6 20. b5 Nb4 21. bxc6 bxc6 22. Reb1 Rd4 23. Ra4 c5 24. Nb5 Qd7 25. Nxd4 {[#] Rbxb4 would kill now.} Qxa4 26. Qc4 Qxa5 27. Nb3 Qc7 28. Nxc5 Nxc2 29. Rb8+ {White mates.} Qxb8 30. Na6+ Kd8 31. Nxb8 Ne7 32. Bh4 f6 33. exf6 gxf6 34. Bxf6 Rf8 35. Nc6+ Ke8 36. Bxe7 Rf5 37. Qxe6 Nd4 38. Qc8+ Kf7 39. Qf8+ Ke6 40. Nxd4+ Ke5 41. Bf6+ Rxf6 42. Qc5+ Kf4 43. g3# {An entertaining game by Topuz.   Weighted Error Value: White=0.03 (flawless) /Black=0.44} 1-0

[Event "TUR-ch U13-18 Open 2023"]
[Site "Antalya"]
[Date "2023.01.22"]
[Round "1"]
[White "Engin, Onur Cinar"]
[Black "Sahbaz, Bartu"]
[Result "1-0"]
[ECO "C02"]
[WhiteElo "1990"]
[BlackElo "1306"]
[Annotator "TA"]
[PlyCount "70"]
[EventDate "2023.01.17"]
[EventType "swiss"]
[EventCountry "TUR"]
[SourceTitle "playchess.com"]
[Source "ChessBase"]
[SourceQuality "1"]
[TimeControl "5400+30"]

1. e4 e6 2. d4 d5 3. e5 c5 4. c3 Ne7 5. Nf3 Nbc6 6. Na3 Ng6 {C02: French: Advance Variation.} 7. Nc2 Be7 8. Bd3 c4 {[#] White has an edge.} 9. Be2 $146 ({Predecessor:} 9. Bxg6 hxg6 10. O-O Bd7 11. Be3 f6 12. b4 b5 13. Qb1 Kf7 14. a4 a6 15. axb5 axb5 {½-½ Comp Dark Thought-Arnoldus,H (2010) The Hague AEGON 1996 (2)}) 9... a5 10. a4 Rb8 {[#]} 11. b3 $1 b5 (11... cxb3 12. Ne3) 12. axb5 cxb3 13. Na3 (13. bxc6 {feels hotter.} b2 14. Bxb2 Rxb2 15. Qc1) 13... Na7 14. Qxb3 Bd7 15. Bd2 (15. Rb1 $16) 15... Bxa3 {White leaves nothing to chance now.} (15... O-O $14) 16. Qxa3 $16 ({And not} 16. Rxa3 Nxb5 17. Bxb5 Bxb5 $17) 16... Nxb5 17. Qxa5 Qc8 (17... Qxa5 $16 18. Rxa5 O-O) 18. O-O $18 {Rfb1 is the strong threat. Black is weak on the dark squares} O-O 19. Rfb1 Qc6 20. h4 h6 21. h5 Ne7 22. g4 Rfc8 23. Kg2 Be8 24. Ne1 Nc7 $2 (24... Rb7 25. Nc2 Qd7) 25. Nd3 (25. Qa3 $142) 25... Rxb1 26. Rxb1 {Black must now prevent Qa3.} Ra8 27. Qb4 Nc8 (27... Qb5 28. Rb2 (28. Qxe7 Qxb1 29. Qxc7 Bb5 $17) 28... Qxb4 29. Nxb4 Rb8) 28. Nc5 Ra2 29. Rb2 Rxb2 (29... Qa8 {keeps fighting.} 30. g5 Rxb2 31. Qxb2 Bb5) 30. Qxb2 {White is clearly winning.} Qb6 (30... f5 $142 31. exf6 gxf6) 31. Qc1 {[%cal Od2h6] Strongly threatening Bxh6!} Bb5 32. Bd1 {[%cal Od2h6] Bxh6! would be deadly.} Na6 {[#]} 33. Bxh6 $1 {[%mdl 576] Demolition} gxh6 (33... Qd8 34. Bg5) 34. Qxh6 {White wants to mate with Bc2.} ({Less strong is} 34. Nxa6 Bxa6 35. Qxh6 Qb1 $18) 34... Nxc5 35. dxc5 Qd8 {Weighted Error Value: White=0.33/Black=0.40} 1-0

[Event "TUR-ch U13-18 Open 2023"]
[Site "Antalya"]
[Date "2023.01.22"]
[Round "1"]
[White "Durucay, Uygar"]
[Black "Altinkaya, Sami"]
[Result "1-0"]
[ECO "D10"]
[WhiteElo "1926"]
[BlackElo "1208"]
[Annotator "TA"]
[PlyCount "127"]
[EventDate "2023.01.17"]
[EventType "swiss"]
[EventCountry "TUR"]
[SourceTitle "playchess.com"]
[Source "ChessBase"]
[SourceQuality "1"]
[TimeControl "5400+30"]

1. d4 d5 2. c4 c6 3. cxd5 cxd5 4. Bf4 Nc6 5. e3 Bf5 6. Qb3 {[%emt 0:02:30] D10: Slav Defence: 3 cxd5 (without early Nf3) and 3 Nc3.} Qd7 7. Nc3 e6 8. Nf3 {[%emt 0:01:30] White has an edge.} a6 9. Be2 Nf6 10. O-O {[%emt 0:00:30] And now Rfc1 would win.} Be7 11. Na4 Na5 12. Qd1 Qd8 {[%emt 0:01:30] Against Nb6} 13. Rc1 Bd6 {[%emt 0:01:30] Prevents Bc7} 14. Ne5 {[%emt 0:01:30] [#]} O-O $146 ({Predecessor:} 14... b5 15. Nc5 Bxc5 16. dxc5 Nd7 17. b3 Rc8 18. Nxd7 Qxd7 19. Qd2 Nb7 20. b4 O-O {1-0 Guo,W (1894)-Kuang,W (1405) CHN-chT (Women) 2021 (1.3)}) 15. a3 Rc8 16. b4 $36 {[%emt 0:00:30][%mdl 2048] White has some pressure.} Nc6 ({Black should play} 16... Nc4 $14) 17. Nxc6 $18 bxc6 18. Bxa6 Rc7 19. Bxd6 Qxd6 20. Nc5 Ra8 (20... Rb8 $16 {was necessary.}) 21. a4 $1 Ne4 22. Bd3 Nxc5 23. bxc5 (23. dxc5 $18 Qe7 24. Bxf5 exf5 25. a5) 23... Qe7 $16 24. Bxf5 exf5 25. Rb1 Rca7 26. Rb6 Qc7 27. Qb3 (27. Rb4 $16) 27... Rxa4 $14 28. Rb7 Qc8 29. Rb1 g6 (29... Ra1 $1 $14 30. h4 Rxb1+ 31. Qxb1 Ra1 32. Qxa1 Qxb7) 30. h3 Kg7 31. Qb6 {[%emt 0:02:30] Threatens to win with Rc7.} R4a6 (31... f4 $11 {keeps the balance.}) 32. Qc7 $1 $16 {[%emt 0:03:30] White is much more active.} Qxc7 33. Rxc7 Ra1 (33... R8a7 $16 34. Rxa7 Rxa7) 34. Rxa1 $1 $18 Rxa1+ {[%emt 0:00:30][%mdl 4096] Endgame KR-KR} 35. Kh2 Ra6 36. Rb7 (36. Kg3 $18) 36... Ra8 37. Kg3 h6 $2 {[%emt 0:00:13] [#]} (37... Re8 $16) 38. Rb6 $2 (38. Rc7 $1 $18 {is the precise move to win.}) 38... Rc8 $16 39. Kf3 Kf6 40. Rb7 Ke6 ({Black should try} 40... g5) 41. Ke2 Ra8 42. h4 {[%emt 0:00:30][%cal Bh3h4,Bh4h5][%mdl 32] Hoping for Rc7.} Ra2+ $2 (42... g5 $16) 43. Kf3 $18 Ra8 {[%emt 0:00:00] [#]} 44. Rc7 {[%emt 0:00:30] Against Rc8} Ra6 {[%emt 0:00:27] [#]} 45. h5 $1 g5 (45... Kf6 46. Kf4) 46. Rc8 Kf6 47. g4 fxg4+ $2 (47... f4 48. exf4 Ra3+ 49. Ke2 Ra2+ 50. Kd3 Ra6) 48. Kxg4 Kg7 49. Rc7 Ra2 50. f3 (50. Rxc6 Rxf2 51. Rd6 f6 52. Rxd5 Kf7 53. Rd7+ Ke8 $18) 50... Kf6 $2 (50... Rg2+ {was worth a try.} 51. Kf5 Rg3) 51. e4 Kg7 52. exd5 cxd5 53. Rd7 Kf6 54. Rxd5 {[%emt 0:00:30] Rd6+ would be deadly.} Ra1 (54... Ke7 $142 55. Rd6 f6) 55. Rd6+ Kg7 56. c6 {[%emt 0:00:30] Black must now prevent d5.} Rc1 57. d5 {[%emt 0:00:30][%cal Bd4d5,Bd5d6][%mdl 32] aiming for Kf5.} Rc5 58. Rd7 {[%emt 0:00:30] White wants to mate with c7.} Kf8 59. c7 {[%emt 0:00:30] White mates.} Rc4+ 60. Kg3 Kg7 61. d6 Kf6 62. Rd8 Ke6 63. c8=Q+ Rxc8 64. Rxc8 {[%emt 0:00:30] Weighted Error Value: White=0.18 (very precise) /Black=0.48} 1-0

[Event "TUR-ch U13-18 Open 2023"]
[Site "Antalya"]
[Date "2023.01.22"]
[Round "1"]
[White "Ergin, Sahin"]
[Black "Akhan, Muhammed Taha"]
[Result "1-0"]
[ECO "A46"]
[WhiteElo "1878"]
[BlackElo "1213"]
[Annotator "NA RC COMBH"]
[PlyCount "64"]
[EventDate "2023.01.17"]
[EventType "swiss"]
[EventCountry "TUR"]
[SourceTitle "playchess.com"]
[Source "ChessBase"]
[SourceQuality "1"]
[TimeControl "5400+30"]

1. d4 d6 2. Nf3 Nf6 3. Bg5 Nbd7 4. Nbd2 e5 5. dxe5 dxe5 6. e4 Be7 7. Bc4 h6 8. Bh4 O-O 9. O-O c6 10. a4 Qc7 11. c3 Nc5 12. Qc2 Bg4 13. Rfe1 Rac8 14. h3 Bh5 15. Bg3 Ncd7 16. Nd4 Rfd8 17. Bh2 Bg6 18. Nf5 Bf8 19. Nf3 a6 20. N3h4 (20. a5 $14 {deserves consideration.}) 20... Bh7 $2 {[%emt 0:03:30] [#]} (20... Bxf5 $11 21. Nxf5 b5) 21. Bxf7+ $1 {[%emt 0:00:30] Decoy} Kh8 22. Ng6+ Bxg6 23. Bxg6 c5 (23... Bc5 $142 24. Nh4 Nf8) 24. Ne3 c4 25. Bf5 a5 26. Rad1 Rb8 27. Rd2 $18 Bc5 28. Nd5 Bd6 29. Bxd7 Rxd7 30. Rdd1 Rbd8 31. Qd2 Qb6 32. Bxe5 Bxe5 1-0

[Event "TUR-ch U13-18 Open 2023"]
[Site "Antalya"]
[Date "2023.01.22"]
[Round "1"]
[White "Hasirci, Ozgur Deniz"]
[Black "Yildiz, Ege Serhan"]
[Result "1-0"]
[ECO "C62"]
[WhiteElo "1773"]
[BlackElo "1091"]
[Annotator "NA RC COMBH"]
[PlyCount "69"]
[EventDate "2023.01.17"]
[EventType "swiss"]
[EventCountry "TUR"]
[SourceTitle "playchess.com"]
[Source "ChessBase"]
[SourceQuality "1"]
[TimeControl "5400+30"]

1. e4 e5 2. Nf3 Nc6 3. Nc3 Nf6 4. Bb5 d6 5. d4 Bd7 6. Bg5 Be7 7. d5 Nb8 8. Bc4 h6 9. Be3 Bg4 10. h3 Bh5 11. g4 Bg6 12. Bd3 c6 13. Qd2 cxd5 14. exd5 Bxd3 15. Qxd3 Nbd7 16. O-O-O a6 17. Rdg1 g5 18. h4 Nh7 19. hxg5 Bxg5 20. Ne4 Bxe3+ 21. Qxe3 Qc7 22. Rxh6 O-O-O 23. Nxd6+ Kb8 24. Nxf7 Rc8 25. c3 Rhf8 26. Rxh7 Nf6 27. d6 Qd7 28. N3xe5 Qa4 29. d7 Nxd7 30. Nd6 Rcd8 31. Rxd7 Rxd7 32. Nxd7+ Qxd7 33. Nf5 Re8 34. Qd4 Qe6 35. Qd6+ 1-0

[Event "TUR-ch U13-18 Open 2023"]
[Site "Antalya"]
[Date "2023.01.22"]
[Round "1"]
[White "Ozgun, Yigit Deniz"]
[Black "Yasar, Mehmet Ali"]
[Result "1-0"]
[ECO "A17"]
[WhiteElo "1769"]
[BlackElo "1303"]
[Annotator "NA RC COMBH"]
[PlyCount "41"]
[EventDate "2023.01.17"]
[EventType "swiss"]
[EventCountry "TUR"]
[SourceTitle "playchess.com"]
[Source "ChessBase"]
[SourceQuality "1"]
[TimeControl "5400+30"]

1. c4 e6 2. Nc3 Nf6 3. Nf3 Be7 4. e4 d5 5. cxd5 exd5 6. e5 Nfd7 7. d4 c6 8. Bd3 O-O 9. h4 Re8 10. Bxh7+ Kxh7 11. Ng5+ Kg8 12. Qh5 Nf8 13. Qxf7+ Kh8 14. h5 Bxg5 15. h6 gxh6 16. Bxg5 Qxg5 17. Qxe8 Qf5 18. Rxh6+ Kg7 19. Rf6 Qg5 20. Qxf8+ Kh7 21. Rf7+ 1-0

[Event "TUR-ch U13-18 Open 2023"]
[Site "Antalya"]
[Date "2023.01.22"]
[Round "1"]
[White "Zerey, Demhat"]
[Black "Yaman, Ali"]
[Result "1-0"]
[ECO "C42"]
[WhiteElo "1756"]
[BlackElo "1121"]
[Annotator "NA RC COMBH"]
[PlyCount "105"]
[EventDate "2023.01.17"]
[EventType "swiss"]
[EventCountry "TUR"]
[SourceTitle "playchess.com"]
[Source "ChessBase"]
[SourceQuality "1"]
[TimeControl "5400+30"]

1. e4 e5 2. Nf3 Nf6 3. Bc4 Nxe4 4. Nc3 Nxc3 5. dxc3 Bc5 6. Bxf7+ Kxf7 7. Nxe5+ Kf8 8. Qd5 Qf6 9. Qxc5+ d6 10. Qxc7 Qxe5+ 11. Be3 Nc6 12. O-O-O Qe7 13. Qxd6 Qxd6 14. Rxd6 Kf7 15. Rhd1 Be6 16. c4 Rac8 17. b3 Rhe8 18. h3 g6 19. a4 Rc7 20. Bg5 Bc8 21. R1d2 Re1+ 22. Kb2 Re6 23. R6d5 Re5 24. Bf4 Rxd5 25. cxd5 Rd7 26. dxc6 Rxd2 27. Bxd2 bxc6 28. Be3 a6 29. g4 Kf6 30. Kc3 Ke5 31. Kd3 Be6 32. c4 Kd6 33. Bf4+ Kc5 34. Kc3 Kb6 35. Kd4 h5 36. f3 a5 37. Ke5 Bg8 38. Be3+ Kc7 39. Kf6 hxg4 40. fxg4 g5 41. Bxg5 Bh7 42. Bd2 Kb6 43. b4 axb4 44. Bxb4 c5 45. Bc3 Bd3 46. h4 Bxc4 47. g5 Kc6 48. g6 Kd6 49. h5 Be6 50. h6 Bg8 51. h7 Bxh7 52. gxh7 c4 53. h8=Q 1-0